 Dungeon Crawl Stone Soup version 0.19-a0-628-g9200b3b (webtiles) character file.

95 Stormphoenix the Cudgeler (level 4, 0/48 HPs)
             Began as an Ogre Fighter on June 13, 2016.
             Killed by divine providence
             ... invoked by an orc priest
              (9 damage)
             ... on level 3 of the Dungeon.
             The game lasted 00:03:31 (1949 turns).

Stormphoenix the Cudgeler (Ogre Fighter)            Turns: 1949, Time: 00:03:32

Health: 0/48       AC:  3    Str: 27    XL:     4   Next: 65%
Magic:  4/4        EV:  8    Int:  7    God:
Gold:   167        SH:  9    Dex:  9    Spells: 0 memorised, 3 levels left

rFire  . . .     SeeInvis .     a - +1 flail
rCold  + . .     Gourm    .     b - +0 robe
rNeg   . . .     Faith    .     c - +0 shield
rPois  .         Spirit   .     (helmet restricted)
rElec  .         Dismiss  .     (no cloak)
rCorr  .         Reflect  .     (gloves unavailable)
SustAt .         Harm     .     (boots unavailable)
MR     .....                    (no amulet)
Stlth  +.........               (no ring)
                                i - ring of protection from cold

@: mighty, not resistant to hostile enchantments, very unstealthy
A: unfitting armour, tough skin 1
a: no special abilities


You were on level 3 of the Dungeon.
You were not hungry.

You visited 1 branch of the dungeon, and saw 3 of its levels.

You collected 167 gold pieces.

Inventory:

Hand Weapons
 a - a +1 flail (weapon)
Armour
 b - a +0 robe (worn)
 c - a +0 shield (worn)
Jewellery
 i - a ring of protection from cold (left hand)
Scrolls
 e - a scroll of remove curse {unknown}
Potions
 g - a potion of berserk rage
 h - a potion of curing
 l - a potion of flight
Comestibles
 f - 2 bread rations
 j - a meat ration
 k - 3 chunks of flesh


   Skills:
 - Level 4.0 Fighting
 + Level 6.2 Maces & Flails
 - Level 2.6 Dodging
 - Level 2.6 Shields


You had 3 spell levels left.
You didn't know any spells.

Dungeon Overview and Level Annotations

Branches:
Dungeon (3/15)

Altars:
Fedhas
Sif Muna


Innate Abilities, Weirdness & Mutations

You are too large for most types of armour.
You have tough skin. (AC +1)


Message History

* * * LOW HITPOINT WARNING * * *
You closely miss the quokka. The bat barely misses you. The quokka bites you.
* * * LOW HITPOINT WARNING * * *
You barely miss the quokka. The bat barely misses you.
You block the quokka's attack. The quokka bites you.
* * * LOW HITPOINT WARNING * * *
You thump the quokka!
You kill the quokka!
The bat barely misses you.
You closely miss the orc priest. You block the bat's attack.
The orc priest barely misses you.
You sock the orc priest!
The orc priest is almost dead.
The bat hits you but does no damage. x2
You bludgeon the orc!!
You kill the orc!
The bat barely misses you.
The orc priest calls down the wrath of Beogh upon you.
Beogh smites you!
You die...

#...# #...# #.r.# ###
#...# ##### #...
#...###...## .....
#...##.....## .#.#
......#...#b......# .#.#
.(....'...)@÷..(..# .#.#
......#...#o......# .#.#
....? #...##.....## .#.#
#... #...###...## .#.#
##### #...# #####
.#.###...###...###...##
..<##.....##.).##....^##
.#.#.......#...#.......#
.+.#..(...÷'...'....(..#


You could see an orc priest and a bat.

Vanquished Creatures
  2 adders
  An ooze (D:1)
  A worm (D:2)
  A dart slug (D:1)
  A giant gecko (D:3)
  3 orcs (D:3)
  3 giant cockroaches
  6 goblins
  7 hobgoblins
  8 jackals
  8 kobolds
  3 quokkas
  A ball python (D:1)
  7 bats
  3 giant newts
  5 rats
60 creatures vanquished.

Notes
Turn   | Place    | Note
--------------------------------------------------------------
     0 | D:1      | Stormphoenix the Ogre Fighter began the quest for the Orb.
     0 | D:1      | Reached XP level 1. HP: 24/24 MP: 1/1
    17 | D:1      | Reached skill level 3 in Maces & Flails
    76 | D:1      | Reached XP level 2. HP: 19/32 MP: 2/2
   266 | D:1      | Reached skill level 4 in Maces & Flails
   593 | D:1      | Reached XP level 3. HP: 15/39 MP: 3/3
  1146 | D:2      | Reached skill level 5 in Maces & Flails
  1330 | D:2      | Found a blossoming altar of Fedhas.
  1458 | D:2      | Found a deep blue altar of Sif Muna.
  1592 | D:2      | Reached XP level 4. HP: 41/48 MP: 4/4
  1848 | D:3      | Reached skill level 6 in Maces & Flails
  1949 | D:3      | Killed from afar by an orc priest

Vault maps used:
D:1:      ncdulo_watergridlock
D:2:      nicolae_overflow_crystal_walls, first_bread, st_stairs_5,
          fedhas_altar_3
D:3:      kennysheep_six_static_rooms, marbit_many_paths, gup_sewer_entry_pipe,
          led_sif_book, uniq_crazy_yiuf_cottage

Skill      XL: |  1  2  3  4 |
---------------+-------------+-----
Maces & Flails | 3 4 5 6 |  6.2
Fighting       | |  4.0
Dodging        | |  2.6
Shields        | |  2.6

Action                   |  1- 3 |  4- 6 || total
-------------------------+-------+-------++-------
Melee: Flail             |   138 |    66 ||   204
  Use: Potion            |     3 |     1 ||     4
       Scroll            |     1 |     3 ||     4
 Stab: Sleeping          |     1 |       ||     1
  Eat: Chunk             |     2 |     2 ||     4
Armor: Robe              |    56 |    21 ||    77
Dodge: Dodged            |    76 |    45 ||   121
Block: Shield            |    83 |    43 ||   126
